 Dungeon Crawl Stone Soup version 0.31.0-11-ge490571c62 (webtiles) character file.

Game seed: 6884156524551385040

86 qw the Shooter (level 4, -8/22 HPs)
             Began as a Spriggan Hunter on Feb 5, 2024.
             Mangled by a steam dragon (10 damage)
             ... on level 3 of the Dungeon.
             The game lasted 00:00:48 (1652 turns).

qw the Shooter (Spriggan Hunter)                    Turns: 1652, Time: 00:00:48

Health: -8/22      AC:  2    Str:  7    XL:     4   Next: 26%
Magic:  5/5        EV: 20    Int: 10    God:
Gold:   101        SH:  0    Dex: 20    Spells: 3/3 levels left

rFire   . . .        a - +0 shortbow
rCold   . . .        (shield currently unavailable)
rNeg    . . .        c - +0 robe
rPois   +            (helmet restricted)
rElec   .            (no cloak)
rCorr   .            (gloves unavailable)
SInv    +            (boots unavailable)
Will    .....        j - amulet of the acrobat
Stlth   ++           d - ring of poison resistance
HPRegen 0.23/turn    (no ring)
MPRegen 0.09/turn

%: acrobat
@: very quick
A: very small, no large weapons, unfitting armour, see invisible, speed 3
a: no special abilities


You were on level 3 of the Dungeon.
You visited 1 branch of the dungeon, and saw 3 of its levels.

You collected 101 gold pieces.


Innate Abilities, Weirdness & Mutations

You are very small and have problems with some larger weapons.
You are too small for most types of armour.
You have supernaturally acute eyesight. (SInv)
You cover ground extremely quickly. (Speed+++)


   Skills:
 - Level 1.5 Fighting
 - Level 5.0 Ranged Weapons
 + Level 4.7 Dodging
 - Level 1.5 Stealth


You had 3 spell levels left.
You didn't know any spells.
Your spell library was empty.

Inventory:

Hand Weapons
 a - a +0 shortbow (weapon)
Armour
 c - a +0 robe (worn)
Jewellery
 d - a ring of poison resistance (left hand)
 j - an amulet of the acrobat (around neck)
Potions
 b - a potion of heal wounds {unknown}
 e - a potion of enlightenment
 f - 2 potions of brilliance {unknown}
 h - 3 potions of curing {unknown}
 i - a potion of mutation {unknown}

Dungeon Overview and Level Annotations

Branches:
Dungeon (3/15)

Altars:


Message History

You now have 90 gold pieces (gained 19).
Found a scale mail.
h - 2 emerald potions (gained 1)
Found 8 stones.
You feel less attractive to monsters.
You now have 96 gold pieces (gained 6).
Found an escape hatch in the floor.
There is an escape hatch in the floor here.
h - 3 emerald potions (gained 1)
You now have 101 gold pieces (gained 5).
A steam dragon comes into view.
You shoot an arrow.
The arrow hits the steam dragon but does no damage.
The steam dragon hisses angrily.
You shoot an arrow.
The arrow hits the steam dragon but does no damage.
The steam dragon breathes steam at you. The ball of steam hits you!
Ouch! That really hurt!
1643 ||| Stepping ~*~*~tactically~*~*~ (cloud).
A goblin comes into view. It is wielding a +0 dagger.
The goblin shouts!
1644 ||| FLEEEEING.
1645 ||| FLEEEEING.
You start resting.
There are monsters nearby!
You shoot an arrow.
The arrow hits the steam dragon but does no damage.
You shoot an arrow. The arrow hits the steam dragon.
The steam dragon is lightly wounded.
The steam dragon misses you. The steam dragon claws you.
You shoot an arrow.
The arrow closely misses the steam dragon.
The arrow closely misses the goblin.
The steam dragon bites you. The steam dragon completely misses you.
You shoot an arrow.
The arrow closely misses the steam dragon.
The arrow closely misses the goblin.
The steam dragon bites you!
You die...

....g ..... ....
#..# #.. .#
#######.# .#.#
.D.¤¤...##.#.# #
##Dg....## #
#@..#.... #
#.....### #
..##.##...### #
#######.........#
####.....########.##
#....###.# #...#
.......#.## #...#
..........# #...#
..........# #...#


You could see a steam dragon and a goblin.

Vanquished Creatures
  An adder (D:2)
  4 dart slugs
  6 bats
  6 endoplasms
  7 giant cockroaches
  10 hobgoblins
  2 jackals (D:2)
  6 kobolds
  3 quokkas
  3 ball pythons
  3 frilled lizards
  5 goblins
  4 rats
60 creatures vanquished.

Notes
Turn   | Place    | Note
-------+----------+-------------------------------------------
     0 | D:1      | qw the Spriggan Hunter began the quest for the Orb.
     0 | D:1      | Reached XP level 1. HP: 10/10 MP: 2/2
     0 | D:1      | 0 ||| qw: Version: 0.3-a-160-g6735b56
     0 | D:1      | 0 ||| qw: Game counter: 6312
     0 | D:1      | 0 ||| qw: Melee chars always use a shield: true
     0 | D:1      | 0 ||| qw: God list: Okawaru
     0 | D:1      | 0 ||| qw: Allow faded altars: false
     0 | D:1      | 0 ||| qw: Do Orc after clearing Dungeon:15 true
     0 | D:1      | 0 ||| qw: Do second Lair branch before Depths: true
     0 | D:1      | 0 ||| qw: Lair rune preference: random
     0 | D:1      | 0 ||| qw: Goals: Normal
     0 | D:1      | 0 ||| PLANNING D:1-11
    45 | D:1      | Reached skill level 3 in Dodging
    78 | D:1      | Reached XP level 2. HP: 14/14 MP: 3/3
   111 | D:1      | Found a faded altar of an unknown god.
   236 | D:1      | Reached XP level 3. HP: 18/18 MP: 4/4
   665 | D:1      | 665 ||| UPGRADING to amulet of the acrobat.
   670 | D:1      | 670 ||| READING scroll labelled HOYNIO LEOTEFOU.
   670 | D:1      | 670 ||| IDENTIFYING purple potion
   671 | D:1      | 671 ||| READING scroll labelled LAEMOX ZOGIY.
   671 | D:1      | 671 ||| ENCHANTING +0 shortbow.
   672 | D:1      | 672 ||| DRINKING 2 amethyst potions.
   673 | D:1      | 673 ||| DROPPING scroll of butterflies.
   674 | D:1      | 674 ||| DROPPING potion of invisibility.
   827 | D:2      | Reached skill level 5 in Ranged Weapons
   996 | D:2      | Reached XP level 4. HP: 21/22 MP: 5/5
  1498 | D:2      | 1498 ||| UPGRADING to ring of poison resistance.
  1499 | D:2      | 1499 ||| DRINKING 2 fizzy brown potions.
  1500 | D:2      | 1500 ||| DROPPING potion of attraction.
  1640 | D:3      | Noticed a steam dragon
  1642 | D:3      | HP: 5/22 [something/ball of steam (17)]
  1643 | D:3      | 1643 ||| Stepping ~*~*~tactically~*~*~ (cloud).
  1644 | D:3      | 1644 ||| FLEEEEING.
  1645 | D:3      | 1645 ||| FLEEEEING.
  1650 | D:3      | HP: 3/22 [steam dragon (4)]
  1652 | D:3      | Mangled by a steam dragon

Levels and vault maps discovered:
D:1:      amcnicky_arrival_flooded_fountain, layout_loops_ring,
          shapermc_ecumenical_altar_pompeii, minmay_worlds_worst_comb
D:2:      layout_basic, grunt_decor_fettered
D:3:      layout_loops_cross, fiery_altar_vehumet,
          hellmonk_ghost_happy_afterlife, nrook_campfire

Skill      XL: |  1  2  3 |
---------------+----------+-----
Dodging        | 3 4 |  4.7
Ranged Weapons | 5 |  5.0
Fighting       | |  1.5
Stealth        | |  1.5

Action                     |  1- 3 |  4- 6 || total
---------------------------+-------+-------++-------
   Fire: Shortbow          |   136 |    28 ||   164
    Use: Scroll            |     2 |       ||     2
         Potion            |     1 |     1 ||     2
 Armour: Robe              |     3 |     6 ||     9
  Dodge: Dodged            |    30 |     5 ||    35

Table legend:
 A = Non-vault XP
 B = Vault XP
 C = Vault XP percentage of total XP
 D = Non-vault monster count
 E = Vault monster count
 F = Vault count percentage of total count
                 A         B        C        D         E       F
            +---------+---------+-------+---------+---------+-------
      Total |     115 |       8 |   6.5 |      56 |       4 |   6.7
            +---------+---------+-------+---------+---------+-------
        D:1 |      61 |       8 |  11.6 |      32 |       4 |  11.1
        D:2 |      54 |       0 |   0.0 |      24 |       0 |   0.0
            +---------+---------+-------+---------+---------+-------
